[Event "Titled Tuesday Blitz October 11 Early 2022"]
[White "Kazakov, Mikhail"]
[Black "Shipov, Sergei"]
[WhiteFideId "14102749"]
[BlackFideId "4113624"]
[WhiteElo "2413"]
[BlackElo "2765"]
[Result "0-1"]
[Round "01"]
[TimeControl "180+1"]
[Date "2022.10.12"]
[WhiteClock "0:01:14"]
[BlackClock "0:02:22"]

1. d4 d5 2. c4 dxc4 3. Nf3 a6 4. e3 e6 5. Bxc4 c5 6. O-O Nf6 7. Nc3 b5 8. Bd3 cxd4 9. Nxd4 Bb7 10. Be2 Nbd7 11. Bf3 Qc7 12. Bxb7 Qxb7 13. Qf3 Qxf3 14. Nxf3 Rc8 15. Bd2 Bd6 16. Rfc1 Ke7 17. Ne2 Ne4 18. Rxc8 Rxc8 19. Rc1 Rc5 20. Rxc5 Ndxc5 21. Kf1 Nd3 22. b3 Ndxf2 23. Ba5 Ng4 24. Ned4 Nxe3+ 25. Kg1 Kd7 26. a4 bxa4 27. bxa4 h6 28. Ne1 Nc5 0-1


[Site "https://www.chess.com"]

[Event "Titled Tuesday Blitz October 11 Early 2022"]
[White "Kiseljova, Marya"]
[Black "Ovchinnikov, Vsevolod"]
[WhiteFideId "4155009"]
[BlackFideId "24176842"]
[WhiteElo "1931"]
[BlackElo "2376"]
[Result "0-1"]
[Round "01"]
[TimeControl "180+1"]
[Date "2022.10.12"]
[WhiteClock "0:00:05"]
[BlackClock "0:00:30"]

1. d4 Nf6 2. c4 g6 3. Nc3 d5 4. cxd5 Nxd5 5. Bd2 Bg7 6. e4 Nxc3 7. Bxc3 c5 8. d5 Bxc3+ 9. bxc3 O-O 10. f4 e5 11. dxe6 Qxd1+ 12. Rxd1 Bxe6 13. Rd2 Nc6 14. Nf3 Rad8 15. a3 Rxd2 16. Nxd2 Na5 17. Bd3 Rd8 18. Ke2 f6 19. Rb1 b6 20. h3 Kf8 21. g4 Ke7 22. Bb5 g5 23. fxg5 fxg5 24. Nf3 h6 25. Ne5 Kf6 26. Nc6 Nxc6 27. Bxc6 Bc4+ 28. Ke1 Rd3 29. Rd1 Rxd1+ 30. Kxd1 Bf1 31. Kd2 Bxh3 32. Bd7 Ke5 33. Ke3 Bf1 34. Bf5 Bc4 35. Bd7 Bb3 36. Bf5 Be6 37. Bg6 Bxg4 38. Bf7 h5 39. Bg6 h4 40. Kf2 Kf4 41. Kg2 Bf3+ 42. Kh3 Bxe4 43. Bh5 Bf5+ 44. Kg2 g4 45. Bf7 Be4+ 46. Kf2 g3+ 47. Kg1 h3 0-1


[Site "https://www.chess.com"]

[Event "Titled Tuesday Blitz October 11 Early 2022"]
[White "Klukin, Kirill"]
[Black "Gonzalez, Francisco Silva"]
[WhiteFideId "24199273"]
[BlackFideId "1512285"]
[WhiteElo "2290"]
[BlackElo "2159"]
[Result "1-0"]
[Round "01"]
[TimeControl "180+1"]
[Date "2022.10.12"]
[WhiteClock "0:01:49"]
[BlackClock "0:01:06"]

1. c4 e6 2. Nf3 d5 3. e3 a6 4. b3 Nf6 5. Bb2 Bd6 6. Nc3 c6 7. Qc2 e5 8. d3 Bf5 9. Nh4 Be6 10. Be2 Ng4 11. Nf3 h6 12. Na4 b5 13. c5 Bc7 14. Nb6 Bxb6 15. cxb6 Qxb6 16. h3 Nf6 17. Nxe5 Qa5+ 18. Bc3 b4 19. Bd2 Qc7 20. d4 a5 21. O-O Nfd7 22. Nd3 Bf5 23. Rfc1 Qd6 24. Qb2 Bxd3 25. Bxd3 Nf6 26. a3 bxa3 27. Qxa3 Qxa3 28. Rxa3 Ke7 29. Rxa5 Rxa5 30. Bxa5 Kd7 31. Bf5+ Kd6 32. Bb4+ Kc7 33. Ra1 Kb7 34. Kf1 Nbd7 35. Ke2 g6 36. Bd3 Nb8 37. Be7 Nfd7 38. Bd6 Re8 39. Kd2 f5 40. h4 Re6 41. Bf4 h5 42. f3 Re8 43. b4 Re6 44. b5 cxb5 45. Bxb5 Nb6 46. Rb1 Re8 47. Bxe8 1-0


[Site "https://www.chess.com"]

[Event "Titled Tuesday Blitz October 11 Early 2022"]
[White "Korchmar, Vasiliy"]
[Black "Dwilewicz, Katarzyna"]
[WhiteFideId "24131750"]
[BlackFideId "1148486"]
[WhiteElo "2370"]
[BlackElo "2023"]
[Result "1-0"]
[Round "01"]
[TimeControl "180+1"]
[Date "2022.10.12"]
[WhiteClock "0:01:23"]
[BlackClock "0:01:13"]

1. e4 c5 2. Nf3 e6 3. g3 Nc6 4. Bg2 Nf6 5. Qe2 d5 6. exd5 Nxd5 7. O-O Be7 8. Rd1 Qb6 9. c4 Nf6 10. Nc3 O-O 11. d3 Bd7 12. Bf4 Rad8 13. a3 Rfe8 14. Rab1 a6 15. Be3 Qc7 16. h3 Bc8 17. d4 cxd4 18. Nxd4 Nxd4 19. Bxd4 Bc5 20. Bxf6 gxf6 21. b4 Qxg3 22. Ne4 Rxd1+ 23. Rxd1 Qxa3 24. Nxf6+ Kf8 25. bxc5 1-0


[Site "https://www.chess.com"]

[Event "Titled Tuesday Blitz October 11 Early 2022"]
[White "Kosteniuk, Alexandra"]
[Black "Sowul, Bartosz"]
[WhiteFideId "4128125"]
[BlackFideId "1137590"]
[WhiteElo "2469"]
[BlackElo "2188"]
[Result "1-0"]
[Round "01"]
[TimeControl "180+1"]
[Date "2022.10.12"]
[WhiteClock "0:01:15"]
[BlackClock "0:00:16"]

1. Nf3 c5 2. c4 Nc6 3. g3 g6 4. d4 cxd4 5. Nxd4 Bg7 6. Nc2 Nf6 7. Bg2 O-O 8. Nc3 d6 9. O-O Qa5 10. Rb1 Qh5 11. Ne3 Bh3 12. Bf3 Qe5 13. Re1 e6 14. Ng2 Qc5 15. b3 Ne5 16. Be3 Nxf3+ 17. exf3 Qc6 18. Nb5 a6 19. Nxd6 Rad8 20. c5 Ng4 21. Nf4 Ne5 22. Nxh3 Nxf3+ 23. Kf1 Nxh2+ 24. Ke2 b6 25. b4 Bc3 26. Rh1 Qf3+ 27. Kd3 Ng4 28. Qxf3 Ne5+ 29. Ke2 Nxf3 30. Kxf3 bxc5 31. bxc5 1-0


[Site "https://www.chess.com"]

[Event "Titled Tuesday Blitz October 11 Early 2022"]
[White "Kovalenko, Igor"]
[Black "Ianov, Viktor"]
[WhiteFideId "14117908"]
[BlackFideId "14102730"]
[WhiteElo "2574"]
[BlackElo "2152"]
[Result "1-0"]
[Round "01"]
[TimeControl "180+1"]
[Date "2022.10.11"]
[WhiteClock "0:00:44"]
[BlackClock "0:00:19"]

1. c4 d6 2. Nc3 g6 3. d4 Bg7 4. e4 Nf6 5. h3 O-O 6. Be3 c5 7. dxc5 Qa5 8. Bd3 dxc5 9. e5 Nfd7 10. f4 Nc6 11. Ne2 f6 12. exf6 exf6 13. Qa4 f5 14. Qxa5 Nxa5 15. O-O-O Re8 16. Bf2 Nb6 17. b3 Be6 18. Bxc5 Rec8 19. Bd4 Nd7 20. Bxg7 Kxg7 21. Nd4 Bf7 22. Bxf5 gxf5 23. Nxf5+ Kf6 24. g4 Nc5 25. Rd6+ Be6 26. Rhd1 Nc6 27. R1d5 b6 28. Rxc5 bxc5 29. Ne4+ Kf7 30. Ng5+ Kg8 31. Nxe6 Kh8 32. Kb2 Nb4 33. a3 Nc6 34. Nxc5 Rab8 35. Nd7 Rb7 36. Nc5 Rbb8 37. Kc3 a5 38. Rd5 Re8 39. Nd7 Rbd8 40. Nd6 Re3+ 41. Kd2 Rxd7 42. Kxe3 Kg8 43. Ne4 Re7 44. Kf3 Kf7 45. g5 Kg6 46. Rd6+ 1-0


[Site "https://www.chess.com"]

[Event "Titled Tuesday Blitz October 11 Early 2022"]
[White "Krishnan, Varun"]
[Black "Saucey, Michel"]
[WhiteFideId "5054508"]
[BlackFideId "601845"]
[WhiteElo "2634"]
[BlackElo "2253"]
[Result "1/2-1/2"]
[Round "01"]
[TimeControl "180+1"]
[Date "2022.10.12"]
[WhiteClock "0:00:05"]
[BlackClock "0:00:15"]

1. e4 c5 2. Nf3 e6 3. c3 d5 4. exd5 Qxd5 5. d4 Nf6 6. Be2 Be7 7. O-O O-O 8. Be3 cxd4 9. cxd4 Nc6 10. Nc3 Qd6 11. a3 b6 12. Bd3 Bb7 13. Bc2 Rfd8 14. Qd3 g6 15. Rfe1 Rac8 16. Rad1 Nd5 17. Ne4 Qb8 18. Bb3 Na5 19. Ba2 Nc6 20. Bh6 Qc7 21. Qd2 Na5 22. Rc1 Qd7 23. Ne5 Qe8 24. b4 Nc6 25. Ng4 Kh8 26. Bxd5 Rxd5 27. Ngf6 Qd8 28. Nxd5 Qxd5 29. Qf4 f5 30. Nc3 Qxd4 31. Rxe6 Qxf4 32. Bxf4 Bf8 33. Nd5 Kg8 34. b5 Na5 35. Rxc8 Bxc8 36. Ne7+ Kf7 37. Nxc8 Kxe6 38. Nxa7 Bxa3 39. Be3 Nc4 40. Kf1 Nxe3+ 41. fxe3 Bc5 42. Ke2 Kd5 43. Kd3 g5 44. Nc6 h5 45. g3 g4 46. Nb8 Ke6 47. Nc6 Kd5 48. Nd4 Ke5 49. Nc6+ Kd5 1/2-1/2


[Site "https://www.chess.com"]

[Event "Titled Tuesday Blitz October 11 Early 2022"]
[White "Krysa, Leandro"]
[Black "De Souza, Cristiano Gomes"]
[WhiteFideId "116807"]
[BlackFideId "2151758"]
[WhiteElo "2486"]
[BlackElo "2068"]
[Result "1-0"]
[Round "01"]
[TimeControl "180+1"]
[Date "2022.10.12"]
[WhiteClock "0:01:34"]
[BlackClock "0:01:42"]

1. b4 c6 2. Bb2 Qb6 3. a3 a5 4. Nc3 axb4 5. axb4 Rxa1 6. Qxa1 Na6 7. Na4 Qxb4 8. Bc3 Qg4 9. Nb6 d5 10. e3 Nf6 11. Be2 Qe6 12. Nf3 c5 13. Bb5+ Bd7 14. Nxd7 Nxd7 15. Bxg7 Rg8 16. Ne5 Nb8 17. Bxd7+ Kd8 18. Bxe6 1-0


[Site "https://www.chess.com"]

[Event "Titled Tuesday Blitz October 11 Early 2022"]
[White "Kuchava, Ana"]
[Black "Demin, Vladimir"]
[WhiteFideId "13605348"]
[BlackFideId "4167457"]
[WhiteElo "2001"]
[BlackElo "2569"]
[Result "0-1"]
[Round "01"]
[TimeControl "180+1"]
[Date "2022.10.12"]
[WhiteClock "0:00:02"]
[BlackClock "0:00:06"]

1. d4 Nf6 2. Nf3 d5 3. c4 e6 4. Nc3 c6 5. e3 Nbd7 6. Bd3 dxc4 7. Bxc4 b5 8. Bd3 a6 9. O-O Bb7 10. e4 c5 11. Bg5 cxd4 12. Nxd4 Bc5 13. Nb3 Bb6 14. Qe2 h6 15. Bh4 Ne5 16. Rad1 Qb8 17. Kh1 Bc7 18. f4 Nxd3 19. Qxd3 O-O 20. Bxf6 gxf6 21. Qg3+ Kh7 22. Qh4 b4 23. Ne2 Bxe4 24. Nc5 Bd5 25. Qxf6 Bd8 26. Qe5 Qxe5 27. fxe5 Ra7 28. Nf4 Ba8 29. Nfxe6 Be7 30. Nxf8+ Bxf8 31. Nd7 Kg8 32. Nf6+ Kg7 33. Rd8 Bc6 34. Rfd1 a5 35. Rxf8 Kxf8 36. Rd8+ Ke7 0-1


[Site "https://www.chess.com"]

[Event "Titled Tuesday Blitz October 11 Early 2022"]
[White "Lakshmi C"]
[Black "Zomorrodian, Eilia"]
[WhiteFideId "25035347"]
[BlackFideId "12551805"]
[WhiteElo "1865"]
[BlackElo "2078"]
[Result "0-1"]
[Round "01"]
[TimeControl "180+1"]
[Date "2022.10.12"]
[WhiteClock "0:00:02"]
[BlackClock "0:00:15"]

1. e4 c5 2. Nf3 e6 3. d4 cxd4 4. Nxd4 a6 5. c4 Nf6 6. Nc3 Bb4 7. Qd3 Qc7 8. Bd2 O-O 9. Be2 Nc6 10. Nxc6 dxc6 11. O-O e5 12. a3 Bc5 13. Na4 Bd4 14. Kh1 Be6 15. Rac1 Rfd8 16. Qc2 b6 17. b4 h6 18. c5 b5 19. Nb6 Ra7 20. h3 Nd7 21. Nxd7 Qxd7 22. Rcd1 Qe7 23. f4 Rad7 24. f5 Bc4 25. f6 gxf6 26. Bxh6 Kh7 27. Bc1 Rg8 28. Rf5 Rg6 29. Rh5+ Kg7 30. Bxc4 bxc4 31. Qxc4 Ra7 32. Rf1 a5 33. Qc2 axb4 34. axb4 Qe6 35. Qe2 Ra2 36. Qf3 Raxg2 37. Qxg2 Rxg2 38. Kxg2 Qa2+ 39. Kh1 Qe2 40. Rhf5 Qxe4+ 41. R5f3 Qc2 42. Rg3+ Kf8 43. Bh6+ Ke7 44. Rgf3 e4 45. Rg3 Qc4 46. Re1 f5 47. Bg5+ f6 48. Be3 Bxe3 49. Rgxe3 Qxb4 50. h4 Qxc5 51. h5 Kf7 52. Kg2 Kg7 53. Kh3 Kh6 54. Rg3 f4 55. Rg4 Qf5 56. Rg1 Kxh5 57. Rg2 f3 58. Rg3 f2 59. Kh2 Qxg4 60. Rxg4 Kxg4 61. Kg2 e3 62. Kf1 c5 0-1


[Site "https://www.chess.com"]

[Event "Titled Tuesday Blitz October 11 Early 2022"]
[White "Lamaze, Simon"]
[Black "Villanueva, Nelson"]
[WhiteFideId "36069264"]
[BlackFideId "5204127"]
[WhiteElo "2272"]
[BlackElo "2278"]
[Result "0-1"]
[Round "01"]
[TimeControl "180+1"]
[Date "2022.10.12"]
[WhiteClock "0:00:44"]
[BlackClock "0:01:30"]

1. e4 c6 2. d4 d5 3. e5 c5 4. dxc5 e6 5. c3 Nd7 6. Nf3 Bxc5 7. Nbd2 Be7 8. Bd3 h5 9. Nb3 Nh6 10. Nbd4 g6 11. Nxe6 fxe6 12. Bxg6+ Kf8 13. Bxh5 Nf5 14. Bg4 Nc5 15. Bxf5 exf5 16. Be3 Ne4 17. Nd4 Bc5 18. Nxf5 Bxf5 19. Bxc5+ Nxc5 20. Qf3 Qg5 21. Qxd5 Ne6 22. Qxb7 Rd8 23. O-O Qf4 24. g3 Qe4 25. Qxe4 Bxe4 26. Rad1 Ke7 27. f4 Nc5 28. h4 Rdg8 29. Kh2 Bf5 30. Rfe1 Ne4 31. Re3 Nf2 32. Rde1 Ng4+ 33. Kh1 Nxe3 34. Rxe3 Rd8 35. Re2 Rd3 36. Kh2 Bg4 37. Re4 Rhd8 38. Kg1 Rd2 39. Rb4 Rc2 0-1


[Site "https://www.chess.com"]

[Event "Titled Tuesday Blitz October 11 Early 2022"]
[White "Leiva, Gianmarco"]
[Black "Chernomordik, Pavel"]
[WhiteFideId "3804399"]
[BlackFideId "2804530"]
[WhiteElo "2285"]
[BlackElo "2217"]
[Result "1-0"]
[Round "01"]
[TimeControl "180+1"]
[Date "2022.10.12"]
[WhiteClock "0:00:28"]
[BlackClock "0:00:29"]

1. e4 g6 2. Nf3 Bg7 3. d4 d6 4. Nc3 a6 5. a4 b6 6. Bc4 e6 7. Bf4 Bb7 8. Qd2 Nd7 9. Bg5 Bf6 10. h4 h6 11. Bf4 Bg7 12. O-O-O b5 13. Bd3 b4 14. Ne2 c5 15. Bxd6 c4 16. Bxb4 cxd3 17. Qxd3 a5 18. Ba3 Ba6 19. Qd2 Ne7 20. Nc3 O-O 21. h5 g5 22. Nxg5 hxg5 23. h6 Bh8 24. h7+ Kg7 25. Qxg5+ Ng6 26. Qh6+ Kf6 27. g4 Nc5 28. Bxc5 e5 29. d5 1-0


[Site "https://www.chess.com"]

[Event "Titled Tuesday Blitz October 11 Early 2022"]
[White "Leve, Nitai"]
[Black "Samant Aditya S"]
[WhiteFideId "2006898"]
[BlackFideId "35080580"]
[WhiteElo "2144"]
[BlackElo "2367"]
[Result "1-0"]
[Round "01"]
[TimeControl "180+1"]
[Date "2022.10.12"]
[WhiteClock "0:00:10"]
[BlackClock "0:00:15"]

1. e4 c5 2. Nf3 d6 3. d4 cxd4 4. Qxd4 Nf6 5. Bg5 e6 6. Bb5+ Bd7 7. Bxd7+ Nbxd7 8. Nc3 a6 9. O-O-O Be7 10. e5 dxe5 11. Nxe5 Nxe5 12. Qxe5 Qb8 13. Bxf6 Bxf6 14. Qxb8+ Rxb8 15. Ne4 Be5 16. Nc5 O-O 17. Nd7 Bf4+ 18. Kb1 h5 19. g3 Bc7 20. Nxb8 Rxb8 21. Rd7 Bb6 22. Rhd1 Kf8 23. a4 Ke8 24. f4 g6 25. h3 Be3 26. c4 h4 27. R7d3 Bf2 28. g4 Bg3 29. Rf1 Rc8 30. b3 Ke7 31. f5 exf5 32. gxf5 g5 33. f6+ Kf8 34. Rd7 Rb8 35. Rfd1 Kg8 36. Rd8+ Rxd8 37. Rxd8+ Kh7 38. Rd7 b6 39. Rxf7+ Kg6 40. Rb7 Kxf6 41. Rxb6+ Kf5 42. Rh6 a5 43. Kc2 Bf4 44. Rh7 Ke4 45. Kc3 Kf3 46. b4 axb4+ 47. Kxb4 Kg2 48. a5 Kxh3 49. a6 Be3 50. c5 g4 51. a7 g3 52. a8=Q g2 53. Qf3+ Kh2 54. Rxh4+ Kg1 55. Qxe3+ Kf1 56. Rf4# 1-0


[Site "https://www.chess.com"]

[Event "Titled Tuesday Blitz October 11 Early 2022"]
[White "Lewtak, Damian"]
[Black "Alexikov, Alexander"]
[WhiteFideId "1141724"]
[BlackFideId "14103958"]
[WhiteElo "2329"]
[BlackElo "2222"]
[Result "1-0"]
[Round "01"]
[TimeControl "180+1"]
[Date "2022.10.12"]
[WhiteClock "0:00:34"]
[BlackClock "0:00:02"]

1. d4 Nf6 2. c4 g6 3. h4 c5 4. d5 h5 5. Nc3 d6 6. Nf3 Bg7 7. Ng5 Nh7 8. Nxh7 Rxh7 9. Bd2 a6 10. a4 a5 11. e4 Na6 12. Be2 Nb4 13. g3 b6 14. O-O e5 15. Nb5 f5 16. Bg5 Bf6 17. Qd2 fxe4 18. Kh2 Bf5 19. Rae1 Rf7 20. Bxf6 Qxf6 21. Bd1 Kd7 22. Qg5 Nd3 23. Re2 Qxg5 24. hxg5 Raf8 25. Rd2 Bg4 26. Bxg4+ hxg4 27. Kg2 Rh7 28. Nc3 Rfh8 29. Rg1 e3 30. Rxd3 Rh2+ 31. Kf1 Rxf2+ 32. Ke1 Rxb2 33. Nd1 Ra2 34. Rxe3 Rxa4 35. Rf1 1-0


[Site "https://www.chess.com"]

[Event "Titled Tuesday Blitz October 11 Early 2022"]
[White "Liu, Xiangyi"]
[Black "Amgalantengis, Enkh-Amgalan"]
[WhiteFideId "8605718"]
[BlackFideId "4903536"]
[WhiteElo "2323"]
[BlackElo "1772"]
[Result "1-0"]
[Round "01"]
[TimeControl "180+1"]
[Date "2022.10.12"]
[WhiteClock "0:00:47"]
[BlackClock "0:01:16"]

1. e4 c6 2. d4 d5 3. Nc3 dxe4 4. Nxe4 Bf5 5. Ng3 Bg6 6. Nh3 e6 7. Nf4 Bd6 8. h4 Qc7 9. Nge2 Ne7 10. h5 Bf5 11. Be3 h6 12. Qd2 Nd5 13. Nxd5 cxd5 14. c3 Nd7 15. f3 Nb6 16. b3 Rc8 17. g4 Bh7 18. Kf2 O-O 19. Rg1 f5 20. g5 f4 21. gxh6 fxe3+ 22. Qxe3 Rf7 23. Bh3 Bf5 24. Bxf5 exf5 25. Qe6 Qe7 26. Rxg7+ Kf8 27. Rxf7+ Qxf7 28. Qxd6+ Qe7 29. Qxe7+ Kxe7 30. Rg1 Rh8 31. Rg6 Nd7 32. Nf4 Nf6 33. Kg3 Kf7 34. Kh4 Ng8 35. Kg5 Ne7 36. Rg7+ Kf8 37. Ng6+ Nxg6 38. hxg6 1-0


[Site "https://www.chess.com"]

[Event "Titled Tuesday Blitz October 11 Early 2022"]
[White "Liyanage, Ranindu Dilshan"]
[Black "Li, Hui"]
[WhiteFideId "9915834"]
[BlackFideId "15400310"]
[WhiteElo "2210"]
[BlackElo "1954"]
[Result "1-0"]
[Round "01"]
[TimeControl "180+1"]
[Date "2022.10.12"]
[WhiteClock "0:01:54"]
[BlackClock "0:00:24"]

1. d4 Nf6 2. Nc3 d5 3. Bf4 c5 4. e4 Nxe4 5. Nxe4 dxe4 6. dxc5 Qa5+ 7. c3 Qxc5 8. Qa4+ Nc6 9. Qxe4 Bf5 10. Qe3 Qxe3+ 11. Bxe3 e6 12. Nf3 Be7 13. Bb5 O-O 14. O-O-O Rfd8 15. Bxc6 bxc6 16. Ne5 Rac8 17. Bxa7 Bd6 18. Bb6 Bc7 19. Bxc7 Rxd1+ 20. Rxd1 f6 21. Rd7 fxe5 22. Bxe5 1-0


[Site "https://www.chess.com"]

[Event "Titled Tuesday Blitz October 11 Early 2022"]
[White "Lopez, Henry"]
[Black "Haukenfrers, Dale"]
[WhiteFideId "5203830"]
[BlackFideId "2603780"]
[WhiteElo "2177"]
[BlackElo "1954"]
[Result "1-0"]
[Round "01"]
[TimeControl "180+1"]
[Date "2022.10.12"]
[WhiteClock "0:00:44"]
[BlackClock "0:00:15"]

1. d4 c6 2. Nf3 d6 3. c4 g6 4. Nc3 Bg7 5. e4 Bg4 6. Be3 Nd7 7. Be2 Ngf6 8. O-O O-O 9. Rc1 Re8 10. h3 Bxf3 11. Bxf3 e5 12. d5 cxd5 13. cxd5 a6 14. a4 Rc8 15. Re1 Qa5 16. Qb3 Rc7 17. Qa3 Rc4 18. Be2 Rxe4 19. Nxe4 Nxe4 20. Bd3 Nef6 21. Qxd6 Qxa4 22. Red1 Qh4 23. Be2 Bf8 24. Qc7 Qb4 25. d6 Qxb2 26. Bc4 b5 27. Bd5 Nxd5 28. Qxd7 Nxe3 29. fxe3 Re6 30. Qc8 Rf6 31. d7 Qf2+ 32. Kh1 Rf3 33. d8=Q Rxh3+ 34. Qxh3 Kg7 35. Rc8 Be7 36. Qh8# 1-0


[Site "https://www.chess.com"]

[Event "Titled Tuesday Blitz October 11 Early 2022"]
[White "Luxama, Jacques Muller"]
[Black "Dushyant Sharma"]
[WhiteFideId "11900113"]
[BlackFideId "25065130"]
[WhiteElo "1931"]
[BlackElo "2270"]
[Result "1-0"]
[Round "01"]
[TimeControl "180+1"]
[Date "2022.10.12"]
[WhiteClock "0:01:11"]
[BlackClock "0:00:08"]

1. e4 e5 2. Nf3 Nc6 3. Bc4 Bc5 4. c3 Nf6 5. d3 O-O 6. O-O d5 7. exd5 Nxd5 8. Re1 Bg4 9. h3 Bh5 10. Nbd2 Nb6 11. Bb3 Bd6 12. Ne4 Kh8 13. Ng3 Bg6 14. Ng5 h6 15. N5e4 f5 16. Nxd6 cxd6 17. d4 f4 18. Ne4 Bxe4 19. Rxe4 d5 20. Re1 e4 21. Qg4 Qd6 22. g3 e3 23. fxe3 fxg3 24. e4 dxe4 25. Rxe4 Rae8 26. Rxe8 Rxe8 27. Bf4 Qf6 28. Qxg3 Re2 29. Rf1 Rxb2 30. Be5 Qg5 31. Rf8+ Kh7 32. Bg8+ Kg6 33. Bf7+ Kh7 34. Bg8+ Kg6 35. Bf7+ Kf5 36. Bd5+ Kg6 37. Be4+ Kh5 38. Rf5 Nxe5 39. Rxg5+ hxg5 40. dxe5 Nc4 41. Qg4+ Kh6 42. Qe6+ Kh5 43. Qxc4 Kh4 44. Bg6+ Kg3 45. Qg4# 1-0


[Site "https://www.chess.com"]

[Event "Titled Tuesday Blitz October 11 Early 2022"]
[White "Malek, Jan"]
[Black "Ali Abdullahi, Farah"]
[WhiteFideId "21864080"]
[BlackFideId "16100212"]
[WhiteElo "2255"]
[BlackElo "2303"]
[Result "1-0"]
[Round "01"]
[TimeControl "180+1"]
[Date "2022.10.12"]
[WhiteClock "0:01:43"]
[BlackClock "0:01:11"]

1. c4 e6 2. Nc3 d5 3. Nf3 c5 4. cxd5 exd5 5. d4 Nf6 6. Bg5 Nc6 7. Bxf6 gxf6 8. e3 Be6 9. Be2 a6 10. dxc5 Bxc5 11. O-O O-O 12. Qd2 Bb4 13. a3 Bxc3 14. Qxc3 Rc8 15. Rad1 Ne5 16. Qd4 Ng6 17. Rc1 Qe7 18. h4 Rfd8 19. h5 Nf8 20. Bd3 h6 21. Qf4 Kg7 22. Nd4 Nd7 23. Bf5 Ne5 24. Rfd1 Rc4 25. Rxc4 dxc4 26. Bxe6 fxe6 27. Nxe6+ Qxe6 28. Rxd8 Qb6 29. Qg3+ Kf7 30. Qg8+ Ke7 31. Qe8# 1-0


[Site "https://www.chess.com"]

[Event "Titled Tuesday Blitz October 11 Early 2022"]
[White "Mamedov, Rauf"]
[Black "Borgaonkar Akshay"]
[WhiteFideId "13401653"]
[BlackFideId "25639110"]
[WhiteElo "2650"]
[BlackElo "2063"]
[Result "1-0"]
[Round "01"]
[TimeControl "180+1"]
[Date "2022.10.11"]
[WhiteClock "0:02:29"]
[BlackClock "0:00:50"]

1. e4 c5 2. Nf3 e6 3. c3 Nf6 4. e5 Nd5 5. Bc4 Nb6 6. Bb3 Nc6 7. d4 d5 8. O-O Bd7 9. Re1 a5 10. a3 Be7 11. Nbd2 O-O 12. Nf1 h6 13. Bc2 c4 14. Bb1 h5 15. Ng3 h4 16. Nh5 g6 17. Qd2 Re8 18. Qf4 Qc7 19. Qh6 Bf8 1-0


[Site "https://www.chess.com"]

[Event "Titled Tuesday Blitz October 11 Early 2022"]
[White "Manukian, Artak"]
[Black "Timofeev, Artyom"]
[WhiteFideId "13301373"]
[BlackFideId "4140419"]
[WhiteElo "2509"]
[BlackElo "2579"]
[Result "0-1"]
[Round "01"]
[TimeControl "180+1"]
[Date "2022.10.11"]
[WhiteClock "0:00:02"]
[BlackClock "0:01:47"]

1. e4 c6 2. d4 d5 3. e5 Bf5 4. Nf3 e6 5. c4 dxc4 6. Bxc4 Ne7 7. Nc3 Nd7 8. Nh4 Nb6 9. Bb3 Qd7 10. Bg5 Bg6 11. O-O O-O-O 12. Ne2 Kb8 13. a4 Nbd5 14. Nxg6 hxg6 15. a5 a6 16. Qd2 f6 17. Bf4 Ka7 18. Bg3 Nf5 19. Bxd5 exd5 20. Nf4 g5 21. Nd3 Nxg3 22. fxg3 Qg4 23. Nf2 Qh5 24. h3 fxe5 25. g4 Qe8 26. dxe5 Qxe5 27. Rfe1 Qf4 28. Qxf4 gxf4 29. Nd3 Bd6 30. Re6 f3 31. Rf1 fxg2 32. Kxg2 Rd7 33. Rf3 c5 34. Nf4 Bxf4 35. Rxf4 d4 36. Rf2 c4 37. Rd2 Rhd8 38. Re4 Rd5 39. Kf3 c3 40. bxc3 dxc3 41. Rxd5 Rxd5 42. Rc4 Rxa5 43. Rxc3 g5 0-1


[Site "https://www.chess.com"]

[Event "Titled Tuesday Blitz October 11 Early 2022"]
[White "Martic, Ivan"]
[Black "Lauridsen, Jesper Morch"]
[WhiteFideId "929301"]
[BlackFideId "1401890"]
[WhiteElo "2355"]
[BlackElo "2169"]
[Result "1/2-1/2"]
[Round "01"]
[TimeControl "180+1"]
[Date "2022.10.12"]
[WhiteClock "0:01:25"]
[BlackClock "0:00:55"]

1. e4 c5 2. Nc3 e6 3. Nf3 a6 4. d4 cxd4 5. Nxd4 Bc5 6. Nb3 Be7 7. Bd3 d6 8. Qg4 g6 9. O-O Nd7 10. a4 b6 11. f4 Ngf6 12. Qh3 Nc5 13. Nxc5 bxc5 14. Bd2 Rb8 15. b3 h5 16. Rae1 Ng4 17. Be2 Bf6 18. Qf3 Bd4+ 19. Kh1 Qh4 20. h3 Nf2+ 21. Kh2 Ng4+ 22. Kh1 Nf2+ 23. Kh2 Ng4+ 24. Kh1 1/2-1/2


[Site "https://www.chess.com"]

[Event "Titled Tuesday Blitz October 11 Early 2022"]
[White "Martinez Alcantara, Jose Eduardo"]
[Black "Seemann, Jakub"]
[WhiteFideId "3805662"]
[BlackFideId "21874697"]
[WhiteElo "2703"]
[BlackElo "2275"]
[Result "1-0"]
[Round "01"]
[TimeControl "180+1"]
[Date "2022.10.11"]
[WhiteClock "0:00:53"]
[BlackClock "0:00:05"]

1. e4 c5 2. Nf3 d6 3. c3 Nf6 4. h3 Nbd7 5. Bd3 b6 6. O-O Bb7 7. Qe2 Qc7 8. Na3 e6 9. Bc2 Rc8 10. d4 cxd4 11. cxd4 d5 12. exd5 Bxa3 13. dxe6 fxe6 14. bxa3 Bxf3 15. Qxe6+ Kd8 16. Bb3 Re8 17. Qf5 Be4 18. Qg5 Qd6 19. Bf4 h6 20. Qg3 Qxa3 21. Rac1 Rxc1 22. Rxc1 Bd5 23. Rc3 Bxb3 24. Bc7+ Ke7 25. Qxg7+ Ke6 26. Kh2 Qf8 27. Qg6 Bd5 28. Re3+ Be4 29. Rxe4+ Kd5 30. Rf4 Kc6 31. Be5 Qg8 32. Qxh6 Re6 33. Bxf6 Kb7 34. d5 Rd6 35. Qh4 Qxd5 36. Be7 Re6 37. Bg5 Qe5 38. Qg3 Nc5 39. h4 Ka6 40. Rg4 Ne4 41. Qxe5 Rxe5 42. f3 Nd6 43. Bf4 Rd5 44. Rg5 Rxg5 45. hxg5 Nf5 46. g4 Ne7 47. Bd6 Ng8 48. f4 Kb7 49. f5 Kc6 50. Bf8 Kd5 51. Kg3 Ke4 52. Kh4 Kf4 53. f6 Ke5 54. f7 Ke6 55. fxg8=Q+ 1-0


[Site "https://www.chess.com"]

[Event "Titled Tuesday Blitz October 11 Early 2022"]
[White "Matinian, Nikita"]
[Black "Storey, Charles H"]
[WhiteFideId "24129100"]
[BlackFideId "406686"]
[WhiteElo "2422"]
[BlackElo "2252"]
[Result "1/2-1/2"]
[Round "01"]
[TimeControl "180+1"]
[Date "2022.10.12"]
[WhiteClock "0:00:03"]
[BlackClock "0:00:05"]

1. e4 e5 2. Nc3 Nc6 3. g3 Nf6 4. Bg2 Bb4 5. Nge2 Bxc3 6. dxc3 d6 7. O-O O-O 8. h3 Be6 9. f4 Bc4 10. b3 Bxe2 11. Qxe2 exf4 12. gxf4 Re8 13. Qd3 Nd7 14. Bb2 Nc5 15. Qc4 Qf6 16. Rae1 Re7 17. e5 Qh6 18. Ba3 Na5 19. Qd5 Rae8 20. b4 c6 21. Qd1 Nc4 22. bxc5 Nxa3 23. Qxd6 Qh4 24. Qd3 Nb5 25. c4 Nc7 26. Rb1 Ne6 27. Qe3 g5 28. fxg5 Qxg5 29. Qxg5+ Nxg5 30. Rf5 Ne6 31. Rb3 Nxc5 32. Rg3+ Kh8 33. Rg4 Nd7 34. e6 fxe6 35. Rf2 Ne5 36. Re4 Ng6 37. Kh2 e5 38. Rg4 Kg7 39. Be4 Rf8 40. Rfg2 Rf6 41. h4 Kf7 42. h5 Nf4 43. Rg7+ Ke6 44. Rxe7+ Kxe7 45. Rg7+ Rf7 46. Rg5 Kf6 47. Rf5+ Ke6 48. Rxf7 Kxf7 49. h6 Kg8 50. Kg3 Ne2+ 51. Kg4 Nc3 52. Bf5 Nxa2 53. Be6+ Kh8 54. Kf5 Nb4 55. c3 Na2 56. c5 Nxc3 57. Kxe5 Na4 58. Kd6 a5 59. Bb3 Nc3 60. Kc7 a4 61. Bc4 Ne4 62. Kb6 a3 63. Bf7 Ng3 64. Kxb7 Nf5 65. Kxc6 Nxh6 66. Be6 a2 67. Bxa2 Nf5 68. Kd7 Nd4 69. Kd6 h5 70. Kd5 Nb5 71. Bc4 Na7 72. Kd6 h4 73. Be6 Kg7 74. Bd7 Kf6 75. Kc7 Ke7 76. Bh3 Nb5+ 77. Kc6 Nd4+ 78. Kd5 Ne2 79. Bg4 Nf4+ 80. Kd4 h3 81. Bf3 h2 82. Ke4 Ne6 83. Ke3 Nxc5 84. Kf2 Nd3+ 85. Kg3 Ne5 86. Kxh2 1/2-1/2


[Site "https://www.chess.com"]